 Dungeon Crawl Stone Soup version 0.31.0-32-g396128a36d (webtiles) character file.

Game seed: 6290928593608690992

641 PaiMei the Grave Robber (level 7, -3/52 HPs)
             Began as a Demonspawn Necromancer on Mar 13, 2024.
             Slain by an iguana (7 damage)
             ... on level 5 of the Dungeon.
             The game lasted 00:06:33 (4135 turns).

PaiMei the Grave Robber (Demonspawn Necromancer)    Turns: 4135, Time: 00:06:34

Health: -3/52      AC:  4    Str:  8    XL:     7   Next: 26%
Magic:  13/13      EV: 13    Int: 18    God:
Gold:   248        SH:  0    Dex: 13    Spells: 10/14 levels left

rFire   . . .        d - +0 quarterstaff
rCold   . . .        (shield currently unavailable)
rNeg    . . .        a - +0 robe
rPois   .            (no helmet)
rElec   .            (no cloak)
rCorr   .            (no gloves)
SInv    .            (no boots)
Will    +....        (no amulet)
Stlth   ++           k - ring of willpower
HPRegen 0.28/turn    (no ring)
MPRegen 0.26/turn

%: no passive effects
@: no status effects
A: magic regeneration, sharp scales 2, demonic magic 1, demonic touch 1
a: no special abilities


You were on level 5 of the Dungeon.
You visited 1 branch of the dungeon, and saw 5 of its levels.

You collected 248 gold pieces.

Inventory:

Hand Weapons
 d - a +0 quarterstaff (weapon)
Missiles
 l - 3 poisoned darts (quivered)
Armour
 a - a +0 robe (worn)
Jewellery
 k - a ring of willpower (left hand)
 m - a ring of fire
Wands
 n - a wand of roots (7)
 t - a wand of digging (4)
Scrolls
 c - a scroll of identify {unknown}
 e - 2 scrolls of teleportation {unknown}
 h - 2 scrolls of fog {unknown}
 i - 2 scrolls of noise {unknown}
 j - a scroll of vulnerability {unknown}
 p - 2 scrolls of enchant armour {unknown}
 s - a scroll of immolation {unknown}
Potions
 b - a potion of magic
 f - 3 potions of curing {unknown}
 g - 3 potions of enlightenment {unknown}
 o - a potion of berserk rage {unknown}
 q - a potion of haste {unknown}
 r - a potion of heal wounds {unknown}


   Skills:
 + Level 3.3 Fighting
 + Level 3.9 Dodging
 - Level 2.3 Stealth
 + Level 4.0 Spellcasting
 + Level 6.1 Necromancy


You had 10 spell levels left.
You knew the following spells:

 Your Spells              Type           Power      Damage    Failure   Level
a - Necrotise             Necr           100%       1d9       1%          1
b - Vampiric Draining     Necr           25%        2d7       3%          3

Your spell library contained the following spells:

 Spells                   Type           Power      Damage    Failure   Level
 Animate Dead             Necr           25%        N/A       12%         4
 Curse of Agony           Necr           25%        N/A       32%         5
 Manifold Assault         Tloc           3%         N/A       82%         4
 Dispersal                Tloc           1%         N/A       100%        6
 Disjunction              Tloc           1%         N/A       100%        8


Dungeon Overview and Level Annotations

Branches:
Dungeon (5/15)
 Temple: D:4-7

Altars:
Gozag

Shops:
D:4 *


Innate Abilities, Weirdness & Mutations

You regenerate magic rapidly.
You are mostly covered in razor-sharp scales. (AC +2, Slay +2)
Spells you cast may paralyse adjacent enemies.
Your touch may inflict minor irresistible damage on your foes.


Message History

You closely miss the ufetubus. The ufetubus barely misses you. x2
The ufetubus misses you. x2
You barely miss the ufetubus. The ufetubus barely misses you. x2
The ufetubus hits you. The ufetubus closely misses you.
The ufetubus hits you. x2
The ufetubus closely misses you. The ufetubus hits you.
You closely miss the ufetubus.
The ufetubus hits you but does no damage.
The ufetubus hits you. The ufetubus closely misses you. The ufetubus hits you.
The ufetubus misses you. The ufetubus closely misses you.
You closely miss the ufetubus. The ufetubus completely misses you.
The ufetubus hits you. x3; The ufetubus barely misses you.
The ufetubus closely misses you. The ufetubus barely misses you.
The ufetubus hits you but does no damage.
You hit the ufetubus.
The ufetubus is moderately wounded.
The ufetubus barely misses you. The ufetubus closely misses you.
The ufetubus completely misses you. The ufetubus barely misses you. x2
The ufetubus closely misses you. x2; The ufetubus barely misses you.
You closely miss the ufetubus.
The ufetubus is moderately wounded.
The ufetubus hits you. x2; The ufetubus misses you.
The ufetubus closely misses you.
The ufetubus hits you but does no damage.
The ufetubus hits you. x2; The ufetubus misses you.
The iguana bites you!
* * * LOW HITPOINT WARNING * * *
You miss the ufetubus.
The ufetubus is moderately wounded.
The ufetubus hits you but does no damage. x2
The ufetubus hits you.
* * * LOW HITPOINT WARNING * * *
The ufetubus hits you.
* * * LOW HITPOINT WARNING * * *
The ufetubus hits you.
* * * LOW HITPOINT WARNING * * *
The ufetubus hits you.
* * * LOW HITPOINT WARNING * * *
The ufetubus barely misses you.
The ufetubus hits you but does no damage.
The iguana bites you!
You die...

#.....## #####..# #
####.#### #
#.......# #
#.......# ###.. #
#.......# #...# #
#.......###.#.# # #
#...<....##5#.# .###
#
#........##@#.##...#
# #.........l5#....#
# #.......#..$...# #
#..............##..#
#
#######....##.....#
# #...#.###....5# #
#.###.# #..#.....
#.. ..# #........ #.
#### ..l......


You could see an iguana and 2 ufetubi.

Vanquished Creatures
  Eustachio (D:4)
  A phantom (D:4)
  A scorpion (D:4)
  A howler monkey (D:3)
  A hound (D:5)
  2 bombardier beetles
  A gnoll bouda (D:5)
  Terence (D:2)
  An orc wizard (D:5)
  3 gnolls (D:5)
  5 adders
  2 dart slugs
  4 ribbon worms
  4 orcs
  5 ball pythons
  7 endoplasms
  A giant cockroach (D:3)
  6 goblins
  5 hobgoblins
  4 jackals (D:1)
  7 kobolds
  3 quokkas
  A bat (D:2)
  3 frilled lizards
  3 rats (D:3)
73 creatures vanquished.

Vanquished Creatures (collateral kills)
  A gnoll (D:5)
  A dart slug (D:2)
  An orc (D:5)
3 creatures vanquished.

Grand Total: 76 creatures vanquished

Notes
Turn   | Place    | Note
-------+----------+-------------------------------------------
     0 | D:1      | PaiMei the Demonspawn Necromancer began the quest for the
                  | Orb.
     0 | D:1      | Reached XP level 1. HP: 13/13 MP: 3/3
   300 | D:1      | Gained mutation: You regenerate magic rapidly. [demonic
                  | ancestry]
   300 | D:1      | Reached XP level 2. HP: 19/19 MP: 0/5
   391 | D:1      | You fall into a shaft and drop 1 floor!
   419 | D:2      | Noticed Terence
   433 | D:2      | Killed Terence
   434 | D:2      | Gained mutation: Spells you cast may paralyse adjacent
                  | enemies. [demonic ancestry]
   434 | D:2      | Reached XP level 3. HP: 12/24 MP: 0/6
   438 | D:2      | Learned a level 3 spell: Vampiric Draining
   937 | D:2      | Reached skill level 1 in Fighting
   937 | D:2      | Gained mutation: You are partially covered in razor-sharp
                  | scales. (AC +1, Slay +1) [demonic ancestry]
   937 | D:2      | Reached XP level 4. HP: 8/32 MP: 0/7
  1592 | D:3      | Reached skill level 5 in Necromancy
  1773 | D:3      | Gained mutation: Your touch may inflict minor irresistible
                  | damage on your foes. [demonic ancestry]
  1773 | D:3      | Reached XP level 5. HP: 38/38 MP: 4/9
  2477 | D:4      | Found Dexo Ofo's General Store.
  2584 | D:4      | Noticed Eustachio
  2616 | D:5      | Entered Level 5 of the Dungeon
  2773 | D:5      | Reached XP level 6. HP: 45/45 MP: 3/10
  3027 | D:4      | Found an opulent altar of Gozag.
  3485 | D:4      | Killed Eustachio
  3588 | D:4      | Reached skill level 6 in Necromancy
  3588 | D:4      | Gained mutation: You are mostly covered in razor-sharp
                  | scales. (AC +2, Slay +2) [demonic ancestry]
  3588 | D:4      | Reached XP level 7. HP: 52/52 MP: 2/12
  4135 | D:5      | Slain by an iguana

Illustrated notes

Levels and vault maps discovered:
D:1:      dpeg_arrival_tiny_f, layout_basic
D:2:      minmay_evil_eye, layout_rooms, kennysheep_pointless_box,
          amethyst_killhole, kennysheep_small_spiral,
          dreamdust_mushroom_princess, uniq_terence
D:3:      layout_basic
D:4:      layout_loops_ring, grunt_gozag_breadcrumbs, serial_shops, shop_statue,
          grunt_ministairs_11, uniq_eustachio
D:5:      layout_rooms, nicolae_overflow_hidden_temple, temple_doors_cd,
          serial_shops, nicolae_shop_rolling_square, serial_undead,
          serial_undead_e, serial_undead_e, serial_undead_c, serial_undead_b

Skill      XL: |  1  2  3  4  5  6  7 |
---------------+----------------------+-----
Stealth        | 2 |  2.3
Dodging        | 2 3 |  3.9
Fighting       | 1 2 3 |  3.3
Necromancy     | 5 6 |  6.1
Spellcasting   | 3 4 |  4.0

Action                     |  1- 3 |  4- 6 |  7- 9 || total
---------------------------+-------+-------+-------++-------
  Melee: Quarterstaff      |    31 |    29 |    24 ||    84
         Unarmed           |     5 |       |       ||     5
   Cast: Necrotise         |    61 |    91 |     9 ||   161
         Vampiric Draining |       |     9 |     2 ||    11
   Stab: Paralysed         |     2 |     4 |       ||     6
 Armour: Robe              |    33 |    41 |    51 ||   125
  Dodge: Dodged            |    44 |    50 |    59 ||   153
